 Dungeon Crawl Stone Soup version 0.28-a0-1159-g27aa881441 (webtiles) character file.

Game seed: 11813527365032569931

109 ders the Digger (level 4, -4/24 HPs)
             Began as a Gargoyle Earth Elementalist on Dec 15, 2021.
             Killed by divine providence
             ... invoked by an orc priest
              (14 damage)
             ... on level 3 of the Dungeon.
             The game lasted 00:03:08 (2785 turns).

ders the Digger (Gargoyle Earth Elementalist)       Turns: 2785, Time: 00:03:08

Health: -4/24      AC:  6    Str: 17    XL:     4   Next: 90%
Magic:  0/8        EV: 12    Int: 18    God:
Gold:   153        SH:  0    Dex: 16    Spells: 5/9 levels left

rFire   . . .      SeeInvis .   l - +0 dagger
rCold   . . .      Faith    .   (no shield)
rNeg    + . .      Spirit   .   b - +0 robe
rPois   ∞          Reflect  .   (no helmet)
rElec   +          Harm     .   (no cloak)
rCorr   .          Rampage  .   (no gloves)
Will    .....                   o - +0 pair of boots
Stlth   ++........              (no amulet)
HPRegen 0.08/turn               i - +6 ring of dexterity
MPRegen 0.11/turn               m - +6 ring of strength

@: no status effects
A: sickness immunity, AC +3, negative energy resistance 1, electricity
resistance, torment resistance 1, petrification resistance
a: no special abilities


You were on level 3 of the Dungeon.
You visited 1 branch of the dungeon, and saw 4 of its levels.

You collected 153 gold pieces.

Inventory:

Hand Weapons
 l - a +0 dagger (weapon)
Missiles
 c - 39 stones
Armour
 b - a +0 robe (worn)
 o - a +0 pair of boots (worn)
Jewellery
 i - a +6 ring of dexterity (left hand)
 m - a +6 ring of strength (right hand)
 p - a +4 ring of protection
Wands
 n - a wand of charming (9)
Scrolls
 d - 2 scrolls of identify {unknown}
 g - a scroll of silence {unknown}
 j - a scroll of acquirement {unknown}
 k - 3 scrolls of brand weapon {unknown}
Potions
 a - a potion of berserk rage {unknown}
 e - 2 potions of mutation {unknown}
 f - a potion of flight {unknown}
 h - a potion of might {unknown}
 q - a potion of lignification {unknown}


   Skills:
 - Level 1.5 Dodging
 - Level 2.1 Stealth
 + Level 3.0 Spellcasting
 + Level 2.6 Conjurations
 - Level 0.7 Transmutations
 + Level 4.7 Earth Magic


You had 5 spell levels left.
You knew the following spells:

 Your Spells              Type           Power      Damage    Failure   Level
a - Sandblast             Erth           38%        2d10      2%          1
b - Stone Arrow           Conj/Erth      32%        3d9       11%         3

Your spell library contained the following spells:

 Spells                   Type           Power      Damage    Failure   Level
 Passwall                 Tmut/Erth      10%        N/A       8%          2
 Gell's Gravitas          Tloc           2%         N/A       43%         3
 Lesser Beckoning         Tloc           2%         N/A       43%         3
 Teleport Other           Tloc           2%         N/A       43%         3
 Petrify                  Tmut/Erth      12%        N/A       45%         4


Dungeon Overview and Level Annotations

Branches:
Dungeon (4/15)
 Temple: D:4-7

Altars:
Fedhas

Annotations:
D:3 exclusion: oklob plant


Innate Abilities, Weirdness & Mutations

You are immune to sickness and miasma.
Your stone body is resilient. (AC +3)
You are immune to poison.
You resist negative energy. (rN+)
You are resistant to electric shocks. (rElec)
You are resistant to unholy torment.
You are immune to petrification.


Message History

Aim: an orc priest, wielding a +0 mace and wearing a +0 chain mail (severely wounded, 85% to hit)
The blast of sand hits the orc priest but does no damage.
The orc priest is severely wounded.
The orc priest barely misses you.
Unknown command.
Casting: Sandblast (safe; 2% risk of failure)
Confirm with . or Enter, or press ? or * to list all spells.
Aiming: Sandblast (safe; 2% risk of failure)
Press: ? - help, Shift-Dir - straight line, f/p - orc priest
Aim: an orc priest, wielding a +0 mace and wearing a +0 chain mail (severely wounded, 85% to hit)
The blast of sand hits the orc priest but does no damage.
The orc priest is severely wounded.
The orc priest hits you with a +0 mace.
Unknown command.
Casting: Sandblast (safe; 2% risk of failure)
Confirm with . or Enter, or press ? or * to list all spells.
Aiming: Sandblast (safe; 2% risk of failure)
Press: ? - help, Shift-Dir - straight line, f/p - orc priest
Aim: an orc priest, wielding a +0 mace and wearing a +0 chain mail (severely wounded, 85% to hit)
The blast of sand hits the orc priest but does no damage.
The orc priest is severely wounded.
The orc priest completely misses you.
Unknown command.
The orc priest hits you with a +0 mace.
You climb upwards.
Level annotation: exclusion: oklob plant
There is a stone staircase leading down here.
Casting: Sandblast (safe; 2% risk of failure)
Confirm with . or Enter, or press ? or * to list all spells.
Aiming: Sandblast (safe; 2% risk of failure)
Press: ? - help, Shift-Dir - straight line, f - orc priest
Aim: an orc priest, wielding a +0 mace and wearing a +0 chain mail (severely wounded, 85% to hit)
The blast of sand hits the orc priest but does no damage.
The orc priest is severely wounded.
The orc priest misses you.
Unknown command.
The orc priest invokes the aid of Beogh against you.
Beogh smites you!
Ouch! That really hurt!
You die...

.# #.....#......#.#.#.#....#
.######.#.#........#.#...##.#
....# #.#.##.....###.###.##.#
.##.# #.#............# #.##.#
.÷#.###.############## #....#
..#....<......(##############
.............#.#..!.......#
......(..........>o.......#
###.##.......###@.........#
....##....................#
######....................#
#...)................#
#####.##.............#
#..#.............#
##.#.............# #
#(......######### ###
##...)..#


You could see an orc priest.

Vanquished Creatures
  5 adders
  A dart slug (D:1)
  3 orcs
  5 endoplasms
  2 giant cockroaches
  2 goblins
  7 hobgoblins
  3 jackals (D:3)
  3 quokkas
  4 ball pythons
  11 bats
  6 frilled lizards
  3 kobolds
  3 rats
58 creatures vanquished.

Notes
Turn   | Place    | Note
-------+----------+-------------------------------------------
     0 | D:1      | ders the Gargoyle Earth Elementalist began the quest for
                  | the Orb.
     0 | D:1      | Reached XP level 1. HP: 10/10 MP: 3/3
   251 | D:1      | Reached XP level 2. HP: 15/15 MP: 1/5
   319 | D:1      | Reached skill level 1 in Conjurations
   804 | D:1      | Reached skill level 4 in Earth Magic
   901 | D:1      | Found a faded altar of an unknown god.
  1163 | D:2      | Reached XP level 3. HP: 19/19 MP: 3/6
  1632 | D:2      | Learned a level 3 spell: Stone Arrow
  1662 | D:3      | Reached XP level 4. HP: 24/24 MP: 6/8
  2237 | D:3      | Found a blossoming altar of Fedhas.
  2248 | D:3      | Noticed an oklob plant
  2785 | D:3      | Killed from afar by an orc priest

Illustrated notes

Levels and vault maps discovered:
D:1:      amcnicky_arrival_abandoned_market, layout_basic,
          shapermc_ecumenical_altar_flowoftime
D:2:      layout_rooms, minmay_hexomino_f4
D:3:      layout_basic, tgw_fedhas
D:4:      layout_basic

Skill      XL: |  1  2  3  4 |
---------------+-------------+-----
Conjurations   | 1 2 |  2.6
Earth Magic    | 4 |  4.7
Spellcasting   | 3 |  3.0
Dodging        | |  1.5
Stealth        | |  2.1
Transmutations | |  0.7

Action                   |  1- 3 |  4- 6 || total
-------------------------+-------+-------++-------
Melee: Unarmed           |    11 |       ||    11
       Dagger            |       |     1 ||     1
 Cast: Sandblast         |    36 |    54 ||    90
Armor: Robe              |     9 |     3 ||    12
Dodge: Dodged            |    11 |    17 ||    28

Table legend: (Time is in decaauts)
 A = Elapsed time spent in this place.
 B = Non-inter-level travel time spent in this place.
 C = Inter-level travel time spent in this place.
 D = Time resting spent in this place.
 E = Time spent auto-exploring this place.
 F = Levels seen in this place.
 G = Mean time per level.
                   A        B        C        D        E       F      G
               +--------+--------+--------+--------+--------+-----+--------+
         Total |   2795 |   2723 |     72 |     86 |   2305 |   4 |  698.8 |
       Dungeon |   2795 |   2723 |     72 |     86 |   2305 |   4 |  698.8 |
               +--------+--------+--------+--------+--------+-----+--------+

Top non-repeatable levels by time:
     D:1: 1032 daAuts
     D:3: 976 daAuts
     D:2: 647 daAuts
     D:4: 139 daAuts
